 Dungeon Crawl Stone Soup version 0.29.0-11-gd7f09526c8 (webtiles) character file.

Game seed: 10745267726162465212

104 concernfroge the Trooper (level 4, -6/39 HPs)
             Began as a Mummy Monk on Sept 4, 2022.
             Killed from afar by Sigmund (16 damage)
             ... with a puff of flame
             ... on level 2 of the Dungeon.
             The game lasted 00:04:11 (2416 turns).

concernfroge the Trooper (Mummy Monk)               Turns: 2416, Time: 00:04:11

Health: -6/39      AC: 10    Str: 16    XL:     4   Next: 52%
Magic:  4/4        EV: 11    Int:  9    God:
Gold:   128        SH:  0    Dex: 14    Spells: 3/3 levels left

rFire   x . .      SeeInvis .   a - +0 spear
rCold   + . .      Faith    .   (no shield)
rNeg    + + +      Spirit   .   m - +0 ring mail
rPois   ∞          Reflect  .   f - +2 helmet
rElec   .          Harm     .   (no cloak)
rCorr   .          Rampage  .   n - +1 pair of gloves
Will    .....                   (no boots)
Stlth   +.........              (no amulet)
HPRegen 0.13/turn               (no ring)
MPRegen 0.09/turn               (no ring)

@: about to teleport
A: cold resistance 1, negative energy resistance 3, torment resistance 2, heat
vulnerability 1, in touch with death 1, no potions
a: no special abilities


You were on level 2 of the Dungeon.
You visited 1 branch of the dungeon, and saw 2 of its levels.

You collected 128 gold pieces.

Inventory:

Hand Weapons
 a - a +0 spear (weapon)
Armour
 f - a +2 helmet (worn)
 m - a +0 ring mail (worn)
 n - a +1 pair of gloves (worn)
Scrolls
 c - a scroll of magic mapping {unknown}
 d - a scroll of immolation
 h - 3 scrolls of identify {unknown}
 l - a scroll of fog {unknown}


   Skills:
 + Level 5.3 Fighting
 - Level 2.4 Polearms
 - Level 2.4 Dodging
 - Level 1.5 Stealth


You had 3 spell levels left.
You didn't know any spells.
Your spell library contained the following spells:

 Spells                   Type           Power      Damage    Failure   Level
 Summon Guardian Golem    Hex/Summ       0%         N/A       93%         3
 Orb of Destruction       Conj           0%         9d5       100%        7
 Spellforged Servitor     Conj/Summ      0%         N/A       100%        7


Dungeon Overview and Level Annotations

Branches:
Dungeon (2/15)

Altars:

Shops:
D:1 !

Annotations:
D:2 Sigmund


Innate Abilities, Weirdness & Mutations

You are immune to poison.
Your flesh is cold resistant. (rC+)
You are immune to negative energy. (rN+++)
You are immune to unholy pain and torment.
You are vulnerable to heat. (rF-)
You are in touch with the powers of death.
You do not drink.


Message History

Your hobgoblin barely misses something.
Reach: a) +0 spear
Press: ? - help, Dir - move target You could not reach far enough!
Something hits you.
Your rat closely misses something.
Your hobgoblin misses something.
Reach: a) +0 spear
Press: ? - help, Dir - move target You reach to attack!
You barely miss something.
Your rat barely misses something.
Your hobgoblin hits something.
Reach: a) +0 spear
Press: ? - help, Dir - move target You reach to attack!
You hit something but do no damage. Something hits you but does no damage.
Your rat barely misses something.
Your hobgoblin barely misses something.
What are your orders? t - Shout!
Orders for allies: a - Attack new target. r - Retreat! s - Stop attacking. g - Guard the area. f - Follow me.
Anything else - Cancel.
Gang up on whom?
Press: ? - help, Dir - move target There's nothing there!
As you read the scroll labelled TES IBEOFU, it crumbles to dust.
It is a scroll of amnesia.
You feel forgetful for a moment.
You hear some strange, mumbled words.
A puff of flame appears from out of thin air!
The puff of flame hits you! The fire burns you terribly!
* * * LOW HITPOINT WARNING * * *
Your rat bites something.
Your hobgoblin hits something.
Your rat bites something.
Your goblin barely misses something.
As you read the scroll labelled CEIMOIRUOM, it crumbles to dust.
It is a scroll of enchant armour.
Your +0 pair of gloves glows green for a moment.
As you read the scroll labelled ZYS AZONOIGRAU, it crumbles to dust.
You feel strangely unstable.
It was a scroll of teleportation.
Sigmund gestures at you while chanting. The puff of flame hits you!
The fire burns you terribly!
You die...

.### .... ## #.. ..##
... #...# ..# ###...#
..# ###.@.# ####
###.## #...###
#..####...##
###@†g####..##....#..
###.r.##..#..#....#
##g..#.!.......##
###...##.....#..###
###...####.......####
#...### ##...#.......
#..## ##.##.........


You could see Sigmund.

Vanquished Creatures
  A howler monkey (D:2)
  3 adders
  A worm (D:2)
  2 dart slugs
  2 giant cockroaches (D:2)
  A goblin (D:1)
  5 hobgoblins
  2 jackals (D:1)
  2 quokkas
  4 ball pythons
  A bat (D:2)
  2 frilled lizards
  4 kobolds
  3 rats
33 creatures vanquished.

Vanquished Creatures (collateral kills)
  A quokka (D:2)
1 creature vanquished.

Grand Total: 34 creatures vanquished

Notes
Turn   | Place    | Note
-------+----------+-------------------------------------------
     0 | D:1      | concernfroge the Mummy Monk began the quest for the Orb.
     0 | D:1      | Reached XP level 1. HP: 18/18 MP: 1/1
   188 | D:1      | Found a faded altar of an unknown god.
   601 | D:1      | Reached XP level 2. HP: 22/25 MP: 2/2
   714 | D:1      | Found Idoeqifiurch's Distillery.
  1446 | D:1      | Reached skill level 4 in Fighting
  1681 | D:1      | Gained mutation: You are in touch with the powers of death.
                  | [Mummy growth]
  1681 | D:1      | Reached XP level 3. HP: 13/30 MP: 3/3
  2379 | D:2      | Noticed Sigmund
  2399 | D:2      | Reached skill level 5 in Fighting
  2399 | D:2      | Reached XP level 4. HP: 25/39 MP: 4/4
  2416 | D:2      | Killed from afar by Sigmund

Illustrated notes

Levels and vault maps discovered:
D:1:      dpeg_arrival_circle_labyrinth_c, layout_basic, serial_shops, shop,
          hellmonk_ecumenical_altar_blasted
D:2:      layout_rooms, basic_altar, serial_curves, eino_curves_04,
          eino_curves_03, minmay_randomly_rotated_circles, uniq_sigmund

Skill      XL: |  1  2  3 |
---------------+----------+-----
Fighting       | 4 5 |  5.3
Polearms       | |  2.4
Dodging        | |  2.4
Stealth        | |  1.5

Action                   |  1- 3 |  4- 6 || total
-------------------------+-------+-------++-------
Melee: Spear             |   148 |     3 ||   151
       Punch             |     1 |       ||     1
  Use: Scroll            |     2 |     5 ||     7
 Stab: Sleeping          |     6 |       ||     6
Armor: Robe              |    16 |       ||    16
       Ring mail         |    14 |     3 ||    17
Dodge: Dodged            |    89 |     3 ||    92
